 Dungeon Crawl Stone Soup version 0.18.1-50-g88ac8fd (webtiles) character file.

9 Chiseanne the Gusty (level 2, -7/22 HPs)
             Began as a Centaur Air Elementalist on Oct 21, 2016.
             Mangled by a gnoll
             ... wielding a cursed -3 halberd
              (12 damage)
             ... on level 1 of the Dungeon.
             The game lasted 00:01:23 (594 turns).

Chiseanne the Gusty (Centaur Air Elementalist)       Turns: 594, Time: 00:01:24

Health: -7/22      AC:  4    Str: 10    XL:     2   Next: 6%
Magic:  0/4        EV:  9    Int: 14    God:
Gold:   16         SH:  0    Dex:  9    Spells: 1 memorised, 3 levels left

rFire  . . .     SeeInvis .     i - +0 club
rCold  . . .     Gourm    .     a - +0 robe
rNeg   + . .     Faith    .     (no shield)
rPois  .         Spirit   .     (no helmet)
rElec  .         Dismiss  .     (no cloak)
rCorr  .         Reflect  .     (no gloves)
SustAt .         Harm     .     (no barding)
MR     .....     Rnd*Tele +     (no amulet)
Stlth  +.........               m - ring of positive energy
                                e - ring of teleportation (curse)

@: very slightly contaminated, very quick, not resistant to hostile
enchantments, very unstealthy
A: hooves 3, deformed body, speed 2, tough skin 3
a: no special abilities


You were on level 1 of the Dungeon.
You were not hungry.

You visited 1 branch of the dungeon, and saw 1 of its levels.

You collected 16 gold pieces.

Inventory:

Hand Weapons
 i - a +0 club (weapon)
Missiles
 d - 15 stones (quivered)
Armour
 a - a +0 robe (worn)
Jewellery
 e - a cursed ring of teleportation (left hand)
 m - a ring of positive energy (right hand)
Scrolls
 g - a scroll of immolation
 n - a scroll of noise {unknown}
Potions
 f - a potion of curing
 j - a potion of agility {unknown}
Books
 b - a book of Air

   Spells                             Type                      Level
   a - Shock                          Conjuration/Air              1
   b - Swiftness                      Charms/Air                   2
   c - Repel Missiles                 Charms/Air                   2
   d - Static Discharge               Conjuration/Air              3
   e - Lightning Bolt                 Conjuration/Air              5
Comestibles
 c - 2 bread rations
 k - a slice of pizza
 l - a beef jerky


   Skills:
 * Level 0.8 Fighting
 * Level 1.5 Dodging
 - Level 1.2 Stealth
 * Level 1.6 Spellcasting
 * Level 1.1 Conjurations
 - Level 2.6 Air Magic


You had 3 spell levels left.
You knew the following spells:

 Your Spells              Type           Power        Failure   Level  Hunger
a - Shock                 Conj/Air       #...         14%         1    ##.....


Dungeon Overview and Level Annotations

Branches:
Dungeon (1/15)

Altars:


Innate Abilities, Weirdness & Mutations

You have hooves in place of feet.
Armour fits poorly on your strangely shaped body.
You cover ground very quickly.
You have extremely tough skin (AC +3).


Message History

You don't have enough magic to cast that spell.
The bat hits you but does no damage.
There is an open door here.
You hit the gnoll but do no damage. You kick the gnoll.
The gnoll is lightly wounded.
The bat closely misses you. The gnoll hits you with a halberd.
All of the chunks of flesh in your inventory have rotted away.
You hit the gnoll. You kick the gnoll.
The gnoll is heavily wounded.
The bat closely misses you. x2; The gnoll hits you but does no damage.
You hit the gnoll.
The gnoll is heavily wounded.
The bat hits you. The gnoll hits you with a halberd!
The gnoll hits you with a halberd.
* * * LOW HITPOINT WARNING * * *
You closely miss the gnoll.
The gnoll is heavily wounded.
The bat hits you but does no damage. The gnoll hits you with a halberd!
Ouch! That really hurt!
You die...

###.....# ###.#### #.##..#
#.#.......## ##.#.##
###.#...###..........####.....#
.....................+........#
#####...####...!.....####.....#
##..# #....?..# ##..### ##.#
#..b..# ##.# .# #.g.# #.# # #@#
#.# #.# #.# #.# #.#
##.##########.#
##...##.....##.#
#.....#.###.##.#
##...##.....##.#
.#####.###........#
................####


You could see a gnoll and a bat.

Vanquished Creatures
  2 dart slugs (D:1)
  A bat (D:1)
  A goblin (D:1)
  A hobgoblin (D:1)
5 creatures vanquished.

Notes
Turn   | Place    | Note
--------------------------------------------------------------
     0 | D:1      | Chiseanne the Centaur Air Elementalist began the quest for the Orb.
     0 | D:1      | Reached XP level 1. HP: 14/14 MP: 3/3
    37 | D:1      | Reached skill level 1 in Conjurations
   394 | D:1      | Reached XP level 2. HP: 11/22 MP: 4/4
   594 | D:1      | Mangled by a gnoll

Skill      XL: |  1 |
---------------+----+-----
Conjurations   | 1 |  1.1
Fighting       | |  0.8
Dodging        | |  1.5
Stealth        | |  1.2
Spellcasting   | |  1.6
Air Magic      | |  2.6

Action                   || total
-------------------------++-------
Melee: Club              ||    22
       Unarmed           ||     6
       Kick              ||     7
 Cast: Shock             ||     6
  Use: Scroll            ||     2
Armor: Robe              ||    10
Dodge: Dodged            ||    18
